 Dungeon Crawl Stone Soup version 0.25-a0-310-g60f0ac2d9a (webtiles) character file.

Game seed: 14752940582086872071, levelgen mode: classic

9305 Borgoz the Fighter (level 11, -3/72 HPs)
             Began as a Gargoyle Berserker on Dec 23, 2019.
             Was a High Priest of Trog.
             Slain by a troll (9 damage)
             ... on level 11 of the Dungeon.
             The game lasted 00:13:42 (8002 turns).

Borgoz the Fighter (Gargoyle Berserker)             Turns: 8002, Time: 00:13:42

Health: -3/72      AC: 25    Str: 22    XL:     11   Next: 44%
Magic:  0/11       EV: 15    Int:  7    God:    Trog [*****.]
Gold:   619        SH:  0    Dex: 12    Spells: 10/10 levels left

rFire    . . .     SeeInvis .   a - +2 hand axe (freeze)
rCold    . . .     Gourm    .   (no shield)
rNeg     + . .     Faith    .   A - +0 ring mail
rPois    ∞         Spirit   +   j - +2 helmet
rElec    +         Reflect  .   w - +0 cloak
rCorr    .         Harm     .   p - +0 pair of gloves
MR       .....                  C - +2 pair of boots
Stlth    +.........             H - amulet of guardian spirit
HPRegen  0.22/turn              (no ring)
MPRegen  0.12/turn              (no ring)

@: no status effects
A: negative energy resistance 1, electricity resistance, unbreathing,
petrification resistance, rot immunity, AC +8
a: Berserk, Trog's Hand, Brothers in Arms, Renounce Religion


You were on level 11 of the Dungeon.
You worshipped Trog.
Trog was extremely pleased with you.
You were not hungry.

You visited 1 branch of the dungeon, and saw 11 of its levels.
You also visited: Ossuary.

You collected 619 gold pieces.

Inventory:

Hand Weapons
 a - a +2 hand axe of freezing (weapon)
 e - a +2 battleaxe of freezing
 E - a +0 flail of venom
 N - a +0 broad axe of flaming
 O - a +0 antimagic broad axe
Armour
 j - a +2 helmet (worn)
 p - a +0 pair of gloves (worn)
 w - a +0 cloak (worn)
 A - a +0 ring mail (worn)
 C - a +2 pair of boots (worn)
Jewellery
 u - an uncursed amulet of regeneration
 H - an amulet of guardian spirit (around neck)
Wands
 i - a wand of disintegration (11)
 r - a wand of iceblast (10)
 y - a wand of paralysis (34)
 L - a wand of random effects (21)
 M - a wand of scattershot (5)
Scrolls
 b - 2 scrolls of identify
 h - 3 scrolls of magic mapping {unknown}
 l - 2 scrolls of random uselessness {unknown}
 o - 5 scrolls of enchant armour {unknown}
 q - 3 scrolls of enchant weapon {unknown}
 s - 9 scrolls of remove curse
 x - a scroll of fear {unknown}
 D - 3 scrolls of fog
 I - a scroll of vulnerability {unknown}
 K - 2 scrolls of teleportation {unknown}
Potions
 d - 6 potions of curing
 f - 4 potions of flight
 k - 2 potions of brilliance
 m - a potion of resistance
 n - 2 potions of agility
 t - a potion of haste
 v - 3 potions of berserk rage
 z - a potion of invisibility
 B - a potion of ambrosia
 F - a potion of might
 G - 3 potions of heal wounds
Comestibles
 c - 19 rations
 g - 10 chunks of flesh


   Skills:
 + Level 10.2 Fighting
 + Level 8.6 Axes
 + Level 9.9 Armour
 + Level 7.6 Dodging


You had 10 spell levels left.
You didn't know any spells.
Your spell library was empty.

Dungeon Overview and Level Annotations

Branches:
Dungeon (11/15)            Temple (0/1) D:7            Lair (0/6) D:8
    Orc (0/2) D:9         Ossuary (visited)

Altars:
Ashenzari
Elyvilon
Fedhas
Gozag
Nemelex Xobeh
Okawaru
Ru
Sif Muna
Trog
Vehumet
Wu Jian
Xom
Yredelemnul
Zin

Annotations:
D:7 1 runed translucent door, doomedcactus's ghost, novice DEIE
D:9 2 transporters, twoshot's ghost, novice GnWz


Innate Abilities, Weirdness & Mutations

You are resistant to torment.
Your stone body is resilient. (AC +8)
You are immune to poison.
You resist negative energy. (rN+)
You are resistant to electric shocks. (rElec)
You can survive without breathing.
You are immune to petrification.
You are immune to rotting.


Message History

You hit the troll. You freeze the troll.
The troll is lightly wounded.
You barely miss the wight. The troll barely misses you. The troll claws you.
* * * LOW HITPOINT WARNING * * *
The troll barely misses you. The wight hits you with a +4 flail.
* * * LOW HITPOINT WARNING * * *
You slash the troll! You freeze the troll.
The troll is moderately wounded.
You barely miss the wight. The troll barely misses you. The troll claws you.
* * * LOW HITPOINT WARNING * * *
The troll claws you but does no damage.
You hit the troll. You freeze the troll.
The troll is heavily wounded.
You hit the wight but do no damage. The wight hits you but does no damage.
The troll barely misses you. The troll closely misses you. The troll claws you.
* * * LOW HITPOINT WARNING * * *
You barely miss the troll.
The troll is heavily wounded.
You hit the wight. The troll bites you!
You die...

## #. # .. #.. #
#. #.# #..# ##
#. #.####..###.
#. #..........#
#. #..###..###.
#z######..# #..#
## #T@()).)..#
#..# #
########.####).#
#.......#
#######.####
#..... ######


You could see a troll and a wight.

Vanquished Creatures
  A two-headed ogre (D:9)
  Urug (D:10)
  Maurice (D:10)
  A komodo dragon (D:8)
  2 trolls (D:11)
  A hornet (D:8)
  A hippogriff (D:7)
  6 yaks (D:8)
  A steam dragon (D:11)
  A hungry ghost (D:10)
  6 orc warriors
  A sky beast (D:9)
  2 hornet zombies
  2 black bears
  4 phantoms
  A necrophage (D:8)
  3 ogres
  5 centaurs
  A big kobold (D:9)
  6 bullfrogs
  A wyvern zombie (D:8)
  3 scorpions
  4 killer bees (D:11)
  A wight (D:11)
  4 howler monkeys
  2 electric eels (D:9)
  4 crimson imps
  4 bullfrog zombies
  6 centaur zombies
  A quasit (D:8)
  A hound (D:4)
  8 orc priests
  A gnoll shaman (D:8)
  2 jellies (D:7)
  2 centaur skeletons
  14 orc wizards
  4 worker ants
  A killer bee zombie (Ossuary)
  16 mummies (Ossuary)
  2 hound zombies
  A hound skeleton (D:7)
  A howler monkey zombie (Ossuary)
  3 worker ant zombies
  Robin (D:2)
  A howler monkey skeleton (D:2)
  8 gnolls
  6 adders
  A shadow imp (D:9)
  An ooze (D:7)
  2 adder skeletons (D:5)
  2 adder zombies (Ossuary)
  5 worms
  2 dart slugs
  5 leopard geckos
  50 orcs
  8 giant cockroaches
  19 goblins
  10 hobgoblins
  7 jackals
  13 kobolds
  9 quokkas
  2 ball pythons (D:2)
  A ball python zombie (D:6)
  9 bats
  4 frilled lizards
  A jackal skeleton (D:5)
  A jackal zombie (Ossuary)
  A leopard gecko skeleton (D:5)
  A quokka skeleton (D:4)
  7 rats
  A butterfly (D:3)
311 creatures vanquished.

Vanquished Creatures (others)
  A sky beast (D:11)
  2 orc wizards (D:9)
  A plant (D:8)
4 creatures vanquished.

Grand Total: 315 creatures vanquished

Notes
Turn   | Place    | Note
-------+----------+-------------------------------------------
     0 | D:1      | Borgoz the Gargoyle Berserker began the quest for the Orb.
     0 | D:1      | Reached XP level 1. HP: 14/14 MP: 1/1
     3 | D:1      | Noticed an electric eel
     3 | D:1      | Noticed an electric eel
    46 | D:1      | Reached XP level 2. HP: 13/19 MP: 2/2
   499 | D:1      | Reached XP level 3. HP: 20/23 MP: 3/3
   650 | D:2      | Noticed Robin
   661 | D:2      | Reached ** piety under Trog
   672 | D:2      | Killed Robin
   722 | D:2      | Reached XP level 4. HP: 28/29 MP: 4/4
   807 | D:2      | Found a faded altar of an unknown god.
  1029 | D:2      | Reached skill level 4 in Fighting
  1035 | D:2      | Reached XP level 5. HP: 33/33 MP: 5/5
  1177 | D:3      | Found an ornate altar of the Wu Jian Council.
  1304 | D:3      | Found a shimmering altar of Xom.
  1324 | D:3      | Reached XP level 6. HP: 37/39 MP: 6/6
  1329 | D:3      | Reached *** piety under Trog
  1460 | D:3      | Found an opulent altar of Gozag.
  1460 | D:3      | Found a sparkling altar of Nemelex Xobeh.
  1563 | D:3      | Found a sacrificial altar of Ru.
  1667 | D:3      | Found a glowing silver altar of Zin.
  1958 | D:4      | Found a shattered altar of Ashenzari.
  1958 | D:4      | Found a bloodstained altar of Trog.
  1959 | D:4      | Found a basalt altar of Yredelemnul.
  2017 | D:4      | Noticed a phantom
  2034 | D:4      | Killed a phantom
  2034 | D:4      | Reached skill level 5 in Fighting
  2034 | D:4      | Reached XP level 7. HP: 19/44 MP: 7/7
  2432 | D:5      | Entered Level 5 of the Dungeon
  3126 | D:6      | Found a white marble altar of Elyvilon.
  3227 | D:6      | Reached skill level 5 in Armour
  3249 | D:6      | Found a sand-covered staircase.
  3288 | Ossuary  | Entered an ossuary
  3307 | Ossuary  | Reached **** piety under Trog
  3307 | Ossuary  | Reached XP level 8. HP: 38/51 MP: 8/8
  3369 | Ossuary  | Reached skill level 6 in Fighting
  3420 | Ossuary  | Reached skill level 5 in Axes
  3959 | D:6      | Reached XP level 9. HP: 43/56 MP: 9/9
  4284 | D:7      | Reached skill level 7 in Fighting
  4284 | D:7      | Reached skill level 5 in Dodging
  4353 | D:7      | Found a blossoming altar of Fedhas.
  4535 | D:7      | Found a runed translucent door.
  4535 | D:7      | Noticed doomedcactus's ghost (novice DEIE)
  4617 | D:7      | Reached ***** piety under Trog
  4617 | D:7      | Received a gift from Trog
  4800 | D:7      | Found a staircase to the Ecumenical Temple.
  4899 | D:7      | Found a shimmering blue altar of Sif Muna.
  5040 | D:8      | You fall into a shaft and drop 1 floor!
  5040 | D:9      | Found a transporter.
  5040 | D:9      | Noticed twoshot's ghost (novice GnWz)
  5048 | D:9      | Noticed a deep troll
  5085 | D:9      | Reached skill level 8 in Fighting
  5149 | D:9      | Reached XP level 10. HP: 56/64 MP: 3/10
  5185 | D:9      | Noticed a two-headed ogre
  5197 | D:9      | Killed a two-headed ogre
  5385 | D:8      | Found a radiant altar of Vehumet.
  5816 | D:8      | Received a gift from Trog
  5816 | D:8      | Reached skill level 9 in Fighting
  6132 | D:8      | Found a staircase to the Lair.
  6166 | D:8      | Found an iron altar of Okawaru.
  6365 | D:9      | Found a blossoming altar of Fedhas.
  6739 | D:9      | Found a transporter.
  6900 | D:9      | Reached XP level 11. HP: 68/71 MP: 9/11
  6909 | D:9      | Found a staircase to the Orcish Mines.
  7280 | D:10     | Entered Level 10 of the Dungeon
  7319 | D:10     | Noticed Maurice
  7336 | D:10     | Killed Maurice
  7450 | D:10     | Noticed Urug
  7471 | D:10     | Killed Urug
  7502 | D:10     | Found an ornate altar of the Wu Jian Council.
  7629 | D:10     | Reached skill level 10 in Fighting
  7898 | D:11     | Received a gift from Trog
  8002 | D:11     | Slain by a troll

Levels and vault maps discovered:
D:1:      arrival_aquarium_b, layout_basic
D:2:      layout_rooms, chequers_ecumenical_altar_simple, first_ration,
          uniq_robin
D:3:      layout_rooms, chequers_temple_overflow_statue_of_worship,
          marbit_many_paths, xom_butterflies, serial_glass, glass_columns_a,
          glass_columns_a, minmay_misc_feat_diagonals,
          nicolae_ru_sacrificial_ziggurat
D:4:      layout_basic, gammafunk_temple_overflow_claw
D:5:      layout_loops_cross
D:6:      layout_loops_ring, elyvilon_altar_4, nicolae_ossuary_entry_plus
D:7:      layout_loops_ring, old_standard_altar, led_sif_pool,
          minmay_temple_entry_nine_rooms, gammafunk_ghost_grave,
          minmay_fountain_box
D:8:      minmay_thinvault, layout_gridville, lemuel_round_altar,
          fiery_altar_vehumet, david_lair_shrubbed, grunt_ministairs_5
D:9:      layout_small_grid, erik_orc_2, gammafunk_ghost_arena, basic_altar
D:10:     layout_small_grid, basic_altar, uniq_urug, uniq_maurice
D:11:     minmay_general_purpose_star, layout_loops_ring, gammafunk_ghost_split,
          grunt_tengu_nest, evilmike_ruin_ashenzari

Skill      XL: |  1  2  3  4  5  6  7  8  9 10 11 |
---------------+----------------------------------+-----
Axes           | 3 4 5 6 8 |  8.6
Dodging        | 2 3 4 5 7 |  7.6
Armour         | 3 4 5 6 7 9 |  9.9
Fighting       | 4 5 6 8 9 10 | 10.2

Action                   |  1- 3 |  4- 6 |  7- 9 | 10-12 || total
-------------------------+-------+-------+-------+-------++-------
Melee: Hand axe          |    93 |   221 |   437 |   480 ||  1231
       Broad axe         |       |       |    74 |       ||    74
Invok: Berserk           |     1 |     3 |     3 |     5 ||    12
       Trog's Hand       |       |       |     1 |     2 ||     3
Evoke: Wand              |       |       |       |    11 ||    11
  Use: Scroll            |       |       |       |    16 ||    16
 Stab: Sleeping          |       |     1 |       |       ||     1
  Eat: Chunk             |       |     6 |    11 |    12 ||    29
       Ration            |       |       |     2 |     1 ||     3
Armor: Animal skin       |    36 |    74 |       |       ||   110
       Ring mail         |       |       |   232 |   207 ||   439
Dodge: Dodged            |    67 |   152 |   344 |   305 ||   868

Table legend:
 A = Non-vault XP
 B = Vault XP
 C = Vault XP percentage of total XP
 D = Non-vault monster count
 E = Vault monster count
 F = Vault count percentage of total count
                 A         B        C        D         E       F
            +---------+---------+-------+---------+---------+-------
      Total |    8770 |    4523 |  34.0 |     227 |      86 |  27.5
            +---------+---------+-------+---------+---------+-------
        D:1 |      42 |       0 |   0.0 |      25 |       0 |   0.0
        D:2 |      89 |      37 |  29.4 |      16 |      13 |  44.8
        D:3 |     196 |       1 |   0.5 |      32 |       1 |   3.0
        D:4 |     265 |       0 |   0.0 |      11 |       0 |   0.0
        D:5 |     243 |       0 |   0.0 |      21 |       0 |   0.0
        D:6 |     591 |       0 |   0.0 |      19 |       0 |   0.0
        D:7 |    1013 |       0 |   0.0 |      22 |       0 |   0.0
        D:8 |    1910 |     815 |  29.9 |      19 |      12 |  38.7
        D:9 |    2658 |     656 |  19.8 |      40 |      21 |  34.4
       D:10 |     799 |    1335 |  62.6 |       5 |       2 |  28.6
       D:11 |     964 |     707 |  42.3 |      17 |       4 |  19.0
    Ossuary |       0 |     972 | 100.0 |       0 |      33 | 100.0
            +---------+---------+-------+---------+---------+-------
